 Dungeon Crawl Stone Soup version 0.26.1-11-gd32895ea62 (webtiles) character file.

Game seed: 11352659006327930524

58 Almogavar the Sneak (level 3, 0/18 HPs)
             Began as a Spriggan Brigand on July 25, 2021.
             Succumbed to Crazy Yiuf's poison
             ... on level 2 of the Dungeon.
             The game lasted 00:06:00 (2116 turns).

Almogavar the Sneak (Spriggan Brigand)              Turns: 2116, Time: 00:06:00

Health: 0/18       AC:  3    Str:  7    XL:     3   Next: 76%
Magic:  4/4        EV: 17    Int: 18    God:
Gold:   53         SH:  5    Dex: 18    Spells: 2/2 levels left

rFire    . . .     SeeInvis +   a - +2 dagger
rCold    . . .     Faith    .   (shield restricted)
rNeg     . . .     Spirit   .   b - +0 robe
rPois    .         Reflect  +   (helmet restricted)
rElec    .         Harm     .   c - +0 cloak
rCorr    .         Rampage  .   (gloves unavailable)
Will     .....                  (boots unavailable)
Stlth    ++++......             i - amulet of reflection
HPRegen  0.06/turn              h - +6 ring of intelligence
MPRegen  0.09/turn              (no ring)

@: lethally poisoned (0 -> -30), very quick
A: very small, unfitting armour, see invisible, speed 3
a: no special abilities


You were on level 2 of the Dungeon.
You visited 1 branch of the dungeon, and saw 2 of its levels.

You collected 53 gold pieces.

Inventory:

Hand Weapons
 a - a +2 dagger (weapon)
Missiles
 d - 4 poisoned darts (quivered)
 e - 2 curare-tipped darts
 g - 80 stones
Armour
 b - a +0 robe (worn)
 c - a +0 cloak (worn)
Jewellery
 h - a +6 ring of intelligence (left hand)
 i - an amulet of reflection (around neck)
Scrolls
 f - 2 scrolls of identify {unknown}
 j - a scroll of fear {unknown}
 k - 2 scrolls of magic mapping {unknown}
 m - 2 scrolls of remove curse {unknown}
Potions
 l - a potion of haste {unknown}
 n - a potion of lignification {unknown}
 o - a potion of curing {unknown}
 p - a potion of attraction {unknown}


   Skills:
 + Level 2.0 Fighting
 + Level 2.5 Short Blades
 + Level 2.1 Throwing
 + Level 1.7 Dodging
 + Level 7.5 Stealth


You had 2 spell levels left.
You didn't know any spells.
Your spell library was empty.

Dungeon Overview and Level Annotations

Branches:
Dungeon (2/15)

Altars:
Dithmenos
Kikubaaqudgha

Annotations:
D:2 Crazy Yiuf


Innate Abilities, Weirdness & Mutations

You are very small and have problems with some larger weapons.
You are too small for most types of armour.
You have supernaturally acute eyesight. (SInv)
You cover ground extremely quickly.


Message History

Crazy Yiuf is lightly wounded.
Crazy Yiuf completely misses you.
You hit Crazy Yiuf.
Crazy Yiuf is moderately wounded.
You block Crazy Yiuf's attack.
You hit Crazy Yiuf.
Crazy Yiuf is heavily wounded.
Crazy Yiuf hits you with a +3 quarterstaff of chaos!
Ouch! That really hurt!
* * * LOW HITPOINT WARNING * * *
You are lethally poisoned!
You hit Crazy Yiuf but do no damage.
Crazy Yiuf is heavily wounded.
* * * LOW HITPOINT WARNING * * *
You feel sick.
Crazy Yiuf says, "Paint!
Ghoul noodlescoop turtle."
You block Crazy Yiuf's attack.
You hit Crazy Yiuf.
Crazy Yiuf is almost dead.
You die...

#....# #.........
##.### #.........
#.# #......... #.#
#####.#### #.# #.#
#.# #.# #.# ###
#######.# #.#
#)(.### ##..#.##.#
#.##
#(..g@####........#
#..#
#...##..#......####
#### ###
###^#...### #######


You could see Crazy Yiuf (very poisoned).

Vanquished Creatures
  An adder (D:2)
  3 dart slugs
  2 giant cockroaches
  7 goblins
  8 hobgoblins
  A ball python (D:1)
  8 bats
  3 frilled lizards
  10 rats
43 creatures vanquished.

Notes
Turn   | Place    | Note
-------+----------+-------------------------------------------
     0 | D:1      | Almogavar the Spriggan Brigand began the quest for the Orb.
     0 | D:1      | Reached XP level 1. HP: 10/10 MP: 2/2
     8 | D:1      | Reached skill level 6 in Stealth
   135 | D:1      | Reached XP level 2. HP: 15/15 MP: 3/3
   942 | D:1      | Reached XP level 3. HP: 18/18 MP: 4/4
  1095 | D:2      | Reached skill level 7 in Stealth
  1300 | D:2      | Found a faded altar of an unknown god.
  1487 | D:2      | Found a runed translucent door.
  1488 | D:2      | Noticed Crazy Yiuf
  1999 | D:2      | Found an ancient bone altar of Kikubaaqudgha.
  1999 | D:2      | Found a shadowy altar of Dithmenos.
  2116 | D:2      | Succumbed to Crazy Yiuf's poison

Illustrated notes

Levels and vault maps discovered:
D:1:      dpeg_arrival_subterranean_lakeside_camping, layout_basic,
          minmay_misc_feat_room, minmay_misc_feat_x
D:2:      layout_basic, gammafunk_temple_overflow_pools,
          chequers_ecumenical_altar_simple_redux, uniq_crazy_yiuf_cottage

Skill      XL: |  1  2  3 |
---------------+----------+-----
Stealth        | 6 7 |  7.5
Fighting       | 2 |  2.0
Short Blades   | |  2.5
Throwing       | |  2.1
Dodging        | |  1.7

Action                   || total
-------------------------++-------
Melee: Dagger            ||    73
Throw: Dart              ||    27
  Use: Potion            ||     2
 Stab: Sleeping          ||    21
Armor: Robe              ||     2
Dodge: Dodged            ||    24
Block: Other             ||     7
